 Dungeon Crawl Stone Soup version 0.26-a0-651-gb41185065b (webtiles) character file.

Game seed: 8540549784794957153

62 kae the Ruffian (level 3, -1/28 HPs)
             Began as a Draconian Transmuter on Oct 28, 2020.
             Killed from afar by a dart slug (4 damage)
             ... with a slug dart
             ... on level 2 of the Dungeon.
             The game lasted 00:00:35 (1467 turns).

kae the Ruffian (Draconian Transmuter)              Turns: 1467, Time: 00:00:36

Health: -1/28      AC:  5    Str: 13    XL:     3   Next: 85%
Magic:  6/6        EV: 12    Int: 13    God:
Gold:   95         SH:  0    Dex: 11    Spells: 5/6 levels left

rFire    . . .     SeeInvis .     - Unarmed
rCold    . . .     Faith    .   (no shield)
rNeg     . . .     Spirit   .   (armour unavailable)
rPois    .         Reflect  .   (helmet currently unavailable)
rElec    .         Harm     .   (no cloak)
rCorr    .         Rampage  .   (no gloves)
MR       .....                  (boots currently unavailable)
Stlth    +.........             (no amulet)
HPRegen  0.09/turn              (no ring)
MPRegen  0.10/turn              (no ring)

@: appendages (expiring)
A: unfitting armour, horns 2, talons 2, cold-blooded, AC +5
a: End Transformation


You were on level 2 of the Dungeon.
You had grown temporary horns.
You had grown temporary talons.
You visited 1 branch of the dungeon, and saw 2 of its levels.

You collected 95 gold pieces.

Inventory:

Scrolls
 c - a scroll of teleportation {unknown}
 d - a scroll of blinking {unknown}
Potions
 a - a potion of ambrosia {unknown}
 b - a potion of curing {unknown}
 e - a potion of might {unknown}


   Skills:
 - Level 1.1 Fighting
 - Level 1.7 Dodging
 + Level 4.0 Unarmed Combat
 - Level 2.0 Spellcasting
 + Level 3.2 Transmutations


You had 5 spell levels left.
You knew the following spells:

 Your Spells              Type           Power        Failure   Level
a - Beastly Appendage     Tmut           #.....       7%          1

Your spell library contained the following spells:

 Spells                   Type           Power        Failure   Level
 Wereblood                Tmut           #.......     10%         2
 Spider Form              Tmut/Pois      #.........   36%         3
 Ice Form                 Ice/Tmut       #.......     78%         4
 Blade Hands              Tmut           #.........   88%         5


Dungeon Overview and Level Annotations

Branches:
Dungeon (2/15)

Altars:


Innate Abilities, Weirdness & Mutations

Your plain brown scales are hard. (AC +5)
You cannot fit into any form of body armour.
You are cold-blooded and may be slowed by cold attacks.
You have a pair of horns on your head.
You have razor-sharp toenails.


Message History

* * * LOW HITPOINT WARNING * * *
You closely miss Terence.
Terence is almost dead.
The dart slug launches a dart at you. The slug dart hits you.
* * * LOW HITPOINT WARNING * * *
Terence misses you.
You hit Terence but do no damage. Your headbutt misses Terence.
You punch Terence.
Terence is almost dead.
You barely miss Terence.
Terence is almost dead.
Terence closely misses you.
You barely miss Terence. You headbutt Terence.
You kill Terence!
Your Unarmed Combat skill increases to level 4!
Your Transmutations skill increases to level 3!
The dart slug launches a dart at you. The slug dart hits you.
You die...

###...#.## ...
......#..##.............
.###......#...w.........
..##..##................
......####..............
..................>.....
#.......##..............
##.......#.............?
.......#........@).#
###............##..#
#....##.#....# ###
###...#.##.#...#
#.....##.#..##
#....###.##.# . ... #.#
.# ##.. #.# .# ##. #.#
.#


You could see a dart slug.

Vanquished Creatures
  Terence (D:2)
  An ooze (D:1)
  A worm (D:2)
  4 bats
  2 giant cockroaches
  3 goblins
  7 hobgoblins
  5 kobolds
  2 rats (D:1)
26 creatures vanquished.

Notes
Turn   | Place    | Note
-------+----------+-------------------------------------------
     0 | D:1      | kae the Draconian Transmuter began the quest for the Orb.
     0 | D:1      | Reached XP level 1. HP: 16/16 MP: 3/3
   238 | D:1      | Reached XP level 2. HP: 23/23 MP: 3/5
  1014 | D:2      | HP: 1/23 [worm (10)]
  1329 | D:2      | Reached XP level 3. HP: 28/28 MP: 4/6
  1441 | D:2      | Noticed Terence
  1467 | D:2      | Killed Terence
  1467 | D:2      | Reached skill level 4 in Unarmed Combat
  1467 | D:2      | Killed from afar by a dart slug

Illustrated notes

Levels and vault maps discovered:
D:1:      lemuel_arrival_tunnels, layout_rooms
D:2:      layout_rooms, nemelex_altar_shiori, minmay_tripent, uniq_terence

Skill      XL: |  1  2  3 |
---------------+----------+-----
Unarmed Combat | 4 |  4.0
Transmutations | 3 |  3.2
Fighting       | |  1.1
Dodging        | |  1.7
Spellcasting   | |  2.0

Action                   || total
-------------------------++-------
Melee: Unarmed           ||    92
       Kick              ||    13
       Headbutt          ||     8
       Tailslap          ||     4
       Punch             ||     1
 Cast: Beastly Appendage ||    16
 Stab: Sleeping          ||     1
Armor: Skin              ||    21
Dodge: Dodged            ||    72

Table legend: (Time is in decaauts)
 A = Elapsed time spent in this place.
 B = Non-inter-level travel time spent in this place.
 C = Inter-level travel time spent in this place.
 D = Time resting spent in this place.
 E = Time spent auto-exploring this place.
 F = Levels seen in this place.
 G = Mean time per level.
                   A        B        C        D        E       F      G
               +--------+--------+--------+--------+--------+-----+--------+
         Total |   1460 |   1428 |     32 |    311 |    913 |   2 |  730.0 |
       Dungeon |   1460 |   1428 |     32 |    311 |    913 |   2 |  730.0 |
               +--------+--------+--------+--------+--------+-----+--------+

Top non-repeatable levels by time:
     D:1: 983 daAuts
     D:2: 476 daAuts
